 Dungeon Crawl Stone Soup version 0.30-a0-711-gf4ac18a38d (webtiles) character file.

Game seed: 4853635401591541458

26 Sabo the Firebug (level 3, -1/21 HPs)
             Began as an Octopode Fire Elementalist on Jan 22, 2023.
             Slain by Terence
             ... wielding a +0 short sword
              (7 damage)
             ... on level 2 of the Dungeon.
             The game lasted 00:08:23 (1723 turns).

Sabo the Firebug (Octopode Fire Elementalist)       Turns: 1723, Time: 00:08:24

Health: -1/21      AC:  1    Str:  7    XL:     3   Next: 8%
Magic:  1/6        EV: 13    Int: 19    God:
Gold:   39         SH:  0    Dex: 12    Spells: 5/6 levels left

rFire   . . .      SeeInvis .    k - +0 mace
rCold   . . .      Faith    .    (no shield)
rNeg    . . .      Spirit   .    (helmet restricted)
rPois   .          Reflect  .    (no amulet)
rElec   .          Harm     .    (no ring)
rCorr   .          Rampage  .    (no ring)
Will    .....                    (no ring)
Stlth   +++                      (no ring)
HPRegen 0.23/turn                (no ring)
MPRegen 0.10/turn                (no ring)
                                 (no ring)
                                 (no ring)

@: very slightly contaminated
A: almost no armour, amphibious, 8 rings, camouflage 1, gelatinous body 1,
(nimble swimmer 1), tentacles
a: no special abilities


You were on level 2 of the Dungeon.
You visited 1 branch of the dungeon, and saw 2 of its levels.

You collected 39 gold pieces.

Inventory:

Hand Weapons
 k - a +0 mace (weapon)
Missiles
 b - 7 poisoned darts (quivered)
Scrolls
 d - a scroll of amnesia {unknown}
 f - a scroll of magic mapping
 g - a scroll of identify {unknown}
 h - 2 scrolls of poison
 m - a scroll of torment {unknown}
Potions
 a - a potion of magic
 c - a potion of brilliance {unknown}
 e - a potion of mutation {unknown}
 i - a potion of ambrosia {unknown}
 j - a potion of haste {unknown}
 l - a potion of degeneration {unknown}
 n - a potion of invisibility {unknown}


   Skills:
 + Level 2.2 Dodging
 + Level 2.8 Stealth
 + Level 2.4 Spellcasting
 + Level 1.1 Conjurations
 + Level 3.4 Fire Magic


You had 5 spell levels left.
You knew the following spells:

 Your Spells              Type           Power      Damage    Failure   Level
a - Foxfire               Conj/Fire      44%        2x1d6     6%          1

Your spell library contained the following spells:

 Spells                   Type           Power      Damage    Failure   Level
 Scorch                   Fire           30%        2d7       6%          2
 Inner Flame              Hex/Fire       8%         N/A       24%         3
 Kindle Blastsparks       Fire/Tloc/Air  12%        2d11      30%         3
 Flame Wave               Conj/Fire      11%        2d6       52%         4


Dungeon Overview and Level Annotations

Branches:
Dungeon (2/15)

Altars:

Annotations:
D:2 Terence


Innate Abilities, Weirdness & Mutations

You cannot wear most types of armour.
You are amphibious.
You can wear up to eight rings at the same time.
Your skin changes colour to match your surroundings (Stealth+).
Your rubbery body absorbs attacks. (AC +1, EV +1)
((You are camouflaged when in or above water. (Stealth+)))
You have tentacles for arms and can constrict up to eight enemies at once.


Message History

Casting: Foxfire (safe; 6% risk of failure)
Confirm with . or Enter, or press ? or * to list all spells.
You miscast Foxfire.
Nothing appears to happen.
Casting: Foxfire (safe; 6% risk of failure)
Confirm with . or Enter, or press ? or * to list all spells.
You conjure some foxfire!
Your foxfire dissipates!
The foxfire hits Terence but does no damage.
Terence is lightly wounded.
Casting: Foxfire (safe; 6% risk of failure)
Confirm with . or Enter, or press ? or * to list all spells.
You conjure some foxfire!
The foxfire hits Terence but does no damage.
Terence is lightly wounded.
The foxfire hits Terence but does no damage.
Terence is lightly wounded.
Terence barely misses you.
Casting: Foxfire (safe; 6% risk of failure)
Confirm with . or Enter, or press ? or * to list all spells.
You conjure some foxfire!
Terence closely misses you. Terence attacks as you move away!
Terence hits you with a +0 short sword.
The foxfire hits Terence.
Terence is moderately wounded.
The foxfire hits Terence.
Terence is moderately wounded.
You hit Terence but do no damage. You grab Terence.
Your squeeze misses Terence.
Terence is moderately wounded.
You constrict Terence, but do no damage.
Terence misses you. Terence hits you with a +0 short sword.
You hit Terence.
Terence is heavily wounded.
You constrict Terence, but do no damage.
Terence hits you with a +0 short sword.
* * * LOW HITPOINT WARNING * * *
You hit Terence.
Terence is heavily wounded.
You constrict Terence, but do no damage.
Terence hits you with a +0 short sword!
You die...

#........?..
#.............
#.............
#.............
#.............
#.............
#####.............
#<..)..@@.........
#####..[..........
#.............
##############


You could see Terence.

Vanquished Creatures
  2 dart slugs (D:1)
  An endoplasm (D:1)
  A giant cockroach (D:1)
  3 hobgoblins (D:1)
  3 kobolds
  A quokka (D:1)
  4 ball pythons (D:1)
  A bat (D:1)
  2 frilled lizards (D:1)
  2 rats (D:1)
  A spectral goblin (D:1)
21 creatures vanquished.

Vanquished Creatures (others)
  41 foxfires
41 creatures vanquished.

Grand Total: 62 creatures vanquished

Notes
Turn   | Place    | Note
-------+----------+-------------------------------------------
     0 | D:1      | Sabo the Octopode Fire Elementalist began the quest for the
                  | Orb.
     0 | D:1      | Reached XP level 1. HP: 11/11 MP: 3/3
   471 | D:1      | Reached XP level 2. HP: 17/17 MP: 3/5
   648 | D:1      | Found a faded altar of an unknown god.
  1458 | D:1      | Reached XP level 3. HP: 21/21 MP: 4/6
  1708 | D:2      | Noticed Terence
  1723 | D:2      | Slain by Terence

Illustrated notes

Levels and vault maps discovered:
D:1:      denvon_arrival_planthouse, layout_loops_cross,
          dreamdust_ecumenical_altar_drowned_temple, due_unseen_surprise
D:2:      layout_basic, uniq_terence

Action                     || total
---------------------------++-------
  Melee: Dagger            ||     4
         Tentacles         ||     2
         Mace              ||     8
         Constrict         ||     2
   Cast: Foxfire           ||    27
    Use: Scroll            ||     2
  Dodge: Dodged            ||    20

Table legend: (Time is in decaauts)
 A = Elapsed time spent in this place.
 B = Non-inter-level travel time spent in this place.
 C = Inter-level travel time spent in this place.
 D = Time resting spent in this place.
 E = Time spent auto-exploring this place.
 F = Levels seen in this place.
 G = Mean time per level.
                   A        B        C        D        E       F      G
               +--------+--------+--------+--------+--------+-----+--------+
         Total |   1724 |   1724 |      0 |    778 |      0 |   2 |  862.0 |
       Dungeon |   1724 |   1724 |      0 |    778 |      0 |   2 |  862.0 |
               +--------+--------+--------+--------+--------+-----+--------+

Top non-repeatable levels by time:
     D:1: 1571 daAuts
     D:2: 153 daAuts
